SL
PHILADELPHIA 1776 BC @ THUNDER BAY NORTHERN LIONS BC
08/10/2029
 
TOP OF THE 1ST
Philadelphia 1776 BC batting - Pitching for Thunder Bay Northern Lions BC : RHP Mauro Guerra
Pitching: RHP Mauro Guerra
Batting: LHB José Rodríguez 0-0: Called Strike
0-1: Foul Ball, location: 2F
0-2: Strikes out looking
Batting: LHB Tony Vega 0-0: Swinging Strike
0-1: Foul Ball, location: 2F
0-2: Ball
1-2: Ball
2-2: Foul Ball, location: 2F
2-2: Ball
3-2: Fly out, F3 (Line Drive, 34S)
Batting: LHB Manoo Satyavrat 0-0: Ball
1-0: SINGLE (Flyball, 9S)
Batting: LHB Jeff Rutherford 0-0: Called Strike
0-1: Ball
1-1: Ball
2-1: Ball
3-1: Foul Ball, location: 2F
3-2: Foul Ball, location: 2F
3-2: DOUBLE (Flyball, 78D)
Manoo Satyavrat to third
Manoo Satyavrat scores
Batting: SHB Sam Quint 0-0: Called Strike
0-1: Called Strike
0-2: Strikes out swinging
Top of the 1st over - 1 run, 2 hits, 0 errors, 1 left on base; Philadelphia 1776 1 - Thunder Bay 0
BOTTOM OF THE 1ST
Thunder Bay Northern Lions BC batting - Pitching for Philadelphia 1776 BC : RHP Cory Sanders
Pitching: RHP Cory Sanders
Batting: RHB Jesús Orozco 0-0: Called Strike
0-1: Ball
1-1: Foul Ball, location: 2F
1-2: Foul Ball, location: 2F
1-2: SINGLE (Line Drive, 78S)
Batting: RHB António Mendoza 0-0: Called Strike
0-1: Ball
1-1: Ball
Jesús Orozco steals 2nd base
2-1: Ground out 4-3 (Groundball, 4S)
Jesús Orozco to third
Batting: RHB Xavier Pérez 0-0: Foul Ball, location: 2F
0-1: Swinging Strike
0-2: Ball
1-2: Ground out 5-3 (Groundball, 5S)
Batting: RHB Denis Higgins 0-0: Called Strike
0-1: Ball
1-1: Swinging Strike
1-2: Fly out, F9 (Flyball, 9S)
Bottom of the 1st over - 0 runs, 1 hit, 0 errors, 1 left on base; Philadelphia 1776 1 - Thunder Bay 0
TOP OF THE 2ND
Philadelphia 1776 BC batting - Pitching for Thunder Bay Northern Lions BC : RHP Mauro Guerra
Batting: SHB Jesús Cabańe 0-0: Called Strike
0-1: Ball
1-1: Ground out 6-3 (Groundball, 6)
Batting: RHB Fernando Rivera 0-0: Called Strike
0-1: Called Strike
0-2: Strikes out looking
Batting: RHB Patrizio Vanali 0-0: Ball
1-0: Foul Ball, location: 2F
1-1: Ball
2-1: Fly out, F5 (Line Drive, 56)
Top of the 2nd over - 0 runs, 0 hits, 0 errors, 0 left on base; Philadelphia 1776 1 - Thunder Bay 0
BOTTOM OF THE 2ND
Thunder Bay Northern Lions BC batting - Pitching for Philadelphia 1776 BC : RHP Cory Sanders
Batting: SHB Carlos Rodríguez 0-0: Foul Ball, location: 2F
0-1: Foul Ball, location: 2F
0-2: Foul Ball, location: 2F
0-2: SINGLE (Groundball, 56D)
Batting: RHB Carlos Padilla 0-0: Ball
1-0: Swinging Strike
1-1: Ball
2-1: Fly out, F9 (Flyball, 9S)
Batting: RHB Rafael Pueblo 0-0: Foul Ball, location: 2F
0-1: SINGLE (Groundball, 6) (infield hit)
Carlos Rodríguez to second
Batting: RHB Keith Fish 0-0: Called Strike
0-1: Swinging Strike
0-2: Fly out, F5 (Popup, 5SF)
Batting: RHB Augusto Encarnación 0-0: SINGLE (Groundball, 6D)
Carlos Rodríguez to third
Rafael Pueblo to second
Runner from 3rd tries for Home, SAFE, no throw
Batting: RHB Jesús Orozco 0-0: Swinging Strike
0-1: Ball
1-1: Called Strike
1-2: Ground out 4-3 (Groundball, 4)
Bottom of the 2nd over - 1 run, 3 hits, 0 errors, 2 left on base; Philadelphia 1776 1 - Thunder Bay 1
TOP OF THE 3RD
Philadelphia 1776 BC batting - Pitching for Thunder Bay Northern Lions BC : RHP Mauro Guerra
Batting: RHB John Schnatter 0-0: Foul Ball, location: 2F
0-1: Foul Ball, location: 2F
0-2: Strikes out swinging
Batting: LHB José Rodríguez 0-0: Ball
1-0: Swinging Strike
1-1: Called Strike
1-2: Ball
2-2: Fly out, F7 (Flyball, 78S)
Batting: LHB Tony Vega 0-0: Called Strike
0-1: Foul Ball, location: 2F
0-2: Foul Ball, location: 2F
0-2: Strikes out swinging
Top of the 3rd over - 0 runs, 0 hits, 0 errors, 0 left on base; Philadelphia 1776 1 - Thunder Bay 1
BOTTOM OF THE 3RD
Thunder Bay Northern Lions BC batting - Pitching for Philadelphia 1776 BC : RHP Cory Sanders
Batting: RHB António Mendoza 0-0: Ball
1-0: Ball
2-0: Ball
3-0: Base on Balls
Batting: RHB Xavier Pérez 0-0: Foul Ball, location: 2F
0-1: Swinging Strike
0-2: Ball
1-2: Strikes out looking
Batting: RHB Denis Higgins 0-0: Ball
1-0: Called Strike
António Mendoza steals 2nd base
1-1: Fly out, F9 (Flyball, 89D)
Runner from 2nd tags up, SAFE at 3rd, no throw
Batting: SHB Carlos Rodríguez 0-0: Swinging Strike
0-1: Fly out, F5 (Popup, 56)
Bottom of the 3rd over - 0 runs, 0 hits, 0 errors, 1 left on base; Philadelphia 1776 1 - Thunder Bay 1
TOP OF THE 4TH
Philadelphia 1776 BC batting - Pitching for Thunder Bay Northern Lions BC : RHP Mauro Guerra
Batting: LHB Manoo Satyavrat 0-0: Ball
1-0: Called Strike
1-1: Ball
2-1: Swinging Strike
2-2: Foul Ball, location: 2F
2-2: Fly out, F6 (Popup, 6M)
Batting: LHB Jeff Rutherford 0-0: Ball
1-0: Swinging Strike
1-1: Foul Ball, location: 2F
1-2: Ball
2-2: Ball
3-2: SINGLE (Line Drive, 5D)
Batting: SHB Sam Quint 0-0: SINGLE (Groundball, 6MD)
Jeff Rutherford to second
Runner from 2nd tries for 3rd, SAFE, throw made to third
Batting: SHB Jesús Cabańe 0-0: Called Strike
0-1: Foul Ball, location: 2F
0-2: Foul Ball, location: 2F
0-2: Grounds into double play, 5-4-3 (Groundball, 56)
Top of the 4th over - 0 runs, 2 hits, 0 errors, 1 left on base; Philadelphia 1776 1 - Thunder Bay 1
BOTTOM OF THE 4TH
Thunder Bay Northern Lions BC batting - Pitching for Philadelphia 1776 BC : RHP Cory Sanders
Batting: RHB Carlos Padilla 0-0: Swinging Strike
0-1: Fly out, F7 (Flyball, 7)
Batting: RHB Rafael Pueblo 0-0: Swinging Strike
0-1: Ball
1-1: Swinging Strike
1-2: Foul Ball, location: 2F
1-2: Ball
2-2: Foul Ball, location: 2F
2-2: Ground out U3 (Groundball, 3L)
Batting: RHB Keith Fish 0-0: Called Strike
0-1: Fly out, F8 (Flyball, 89M)
Bottom of the 4th over - 0 runs, 0 hits, 0 errors, 0 left on base; Philadelphia 1776 1 - Thunder Bay 1
TOP OF THE 5TH
Philadelphia 1776 BC batting - Pitching for Thunder Bay Northern Lions BC : RHP Mauro Guerra
Batting: RHB Fernando Rivera 0-0: Foul Ball, location: 2F
0-1: Swinging Strike
0-2: Strikes out looking
Batting: RHB Patrizio Vanali 0-0: Swinging Strike
0-1: Ball
1-1: Foul Ball, location: 2F
1-2: Foul Ball, location: 2F
1-2: Ball
2-2: Ball
3-2: Base on Balls
Batting: RHB John Schnatter 0-0: SINGLE (Groundball, 4MD)
Patrizio Vanali to second
Batting: LHB José Rodríguez 0-0: Foul Ball, location: 2F
0-1: Ball
1-1: Foul Ball, location: 2F
1-2: Foul Ball, location: 2F
1-2: Ball
2-2: Ball
3-2: Foul Ball, location: 2F
3-2: Fly out, F6 (Line Drive, 56D)
Pitching: RHP Bayram Tanaoglu
Batting: LHB Tony Vega 0-0: Swinging Strike
0-1: Foul Ball, location: 2F
0-2: Ball
1-2: Fielders Choice at 2nd, 5-4 (Groundball, 5L)
Top of the 5th over - 0 runs, 1 hit, 0 errors, 2 left on base; Philadelphia 1776 1 - Thunder Bay 1
BOTTOM OF THE 5TH
Thunder Bay Northern Lions BC batting - Pitching for Philadelphia 1776 BC : RHP Cory Sanders
Batting: RHB Augusto Encarnación 0-0: Ball
1-0: Foul Ball, location: 2F
1-1: Ball
2-1: Fly out, F9 (Flyball, 9D)
Batting: RHB Jesús Orozco 0-0: Called Strike
0-1: Ball
1-1: Foul Ball, location: 2F
1-2: Ball
2-2: Strikes out swinging, 2-3 out at first.
Batting: RHB António Mendoza 0-0: Ball
1-0: Called Strike
1-1: Foul Ball, location: 2F
1-2: Ball
2-2: Foul Ball, location: 2F
2-2: Foul Ball, location: 2F
2-2: Ground out 4-3 (Groundball, 4)
Bottom of the 5th over - 0 runs, 0 hits, 0 errors, 0 left on base; Philadelphia 1776 1 - Thunder Bay 1
TOP OF THE 6TH
Philadelphia 1776 BC batting - Pitching for Thunder Bay Northern Lions BC : RHP Bayram Tanaoglu
Batting: LHB Manoo Satyavrat 0-0: Ball
1-0: Foul Ball, location: 2F
1-1: Foul Ball, location: 2F
1-2: Strikes out swinging
Batting: LHB Jeff Rutherford 0-0: Ball
1-0: Called Strike
1-1: Ground out U3 (Groundball, 3L)
Batting: SHB Sam Quint 0-0: Ball
1-0: Swinging Strike
1-1: Fly out, F7 (Flyball, 7)
Top of the 6th over - 0 runs, 0 hits, 0 errors, 0 left on base; Philadelphia 1776 1 - Thunder Bay 1
BOTTOM OF THE 6TH
Thunder Bay Northern Lions BC batting - Pitching for Philadelphia 1776 BC : RHP Cory Sanders
Batting: RHB Xavier Pérez 0-0: Called Strike
0-1: Ball
1-1: Called Strike
1-2: Ground out 1-3 (Groundball, P)
Batting: RHB Denis Higgins 0-0: Ball
1-0: Foul Ball, location: 2F
1-1: Ball
2-1: Fly out, F9 (Flyball, 9D)
Batting: SHB Carlos Rodríguez 0-0: Called Strike
0-1: Swinging Strike
0-2: Ground out 6-3 (Groundball, 6S)
Bottom of the 6th over - 0 runs, 0 hits, 0 errors, 0 left on base; Philadelphia 1776 1 - Thunder Bay 1
TOP OF THE 7TH
Philadelphia 1776 BC batting - Pitching for Thunder Bay Northern Lions BC : RHP Bayram Tanaoglu
Batting: SHB Jesús Cabańe 0-0: Ball
1-0: Foul Ball, location: 2F
1-1: SINGLE (Flyball, 4MD)
Batting: RHB Fernando Rivera 0-0: Ball
1-0: Ball
2-0: Fly out, F7 (Line Drive, 7S)
Batting: RHB Patrizio Vanali 0-0: Ball
1-0: Called Strike
1-1: Called Strike
1-2: Ball
2-2: Foul Ball, location: 2F
2-2: Ball
3-2: Base on Balls
Jesús Cabańe to second
Batting: RHB John Schnatter 0-0: Ball
1-0: Ball
2-0: Ball
3-0: Called Strike
3-1: Called Strike
3-2: Base on Balls
Jesús Cabańe to third
Patrizio Vanali to second
Batting: LHB José Rodríguez 0-0: Foul Ball, location: 2F
0-1: Foul Ball, location: 2F
0-2: Fly out, F7 (Flyball, 7LS)
Runner from 3rd tags up, SCORES, throw made
Batting: LHB Tony Vega 0-0: Ball
1-0: Foul Ball, location: 2F
1-1: Ball
2-1: Ground out 3-1 (Groundball, 3D)
Top of the 7th over - 1 run, 1 hit, 0 errors, 2 left on base; Philadelphia 1776 2 - Thunder Bay 1
BOTTOM OF THE 7TH
Thunder Bay Northern Lions BC batting - Pitching for Philadelphia 1776 BC : RHP Cory Sanders
Batting: RHB Carlos Padilla 0-0: Ball
1-0: Foul Ball, location: 2F
1-1: Swinging Strike
1-2: Ball
2-2: Foul Ball, location: 2F
2-2: Ball
3-2: Foul Ball, location: 2F
3-2: Foul Ball, location: 2F
3-2: SINGLE (Groundball, 6MD)
Batting: RHB Rafael Pueblo 0-0: Ball
1-0: Grounds into double play, 6-4-3 (Groundball, 6)
Batting: RHB Keith Fish 0-0: Ball
1-0: Called Strike
1-1: Swinging Strike
1-2: DOUBLE (Line Drive, 7D)
Batting: RHB Augusto Encarnación 0-0: Called Strike
0-1: Foul Ball, location: 2F
0-2: Ball
1-2: Fly out, F4 (Line Drive, 4M)
Bottom of the 7th over - 0 runs, 2 hits, 0 errors, 1 left on base; Philadelphia 1776 2 - Thunder Bay 1
TOP OF THE 8TH
Philadelphia 1776 BC batting - Pitching for Thunder Bay Northern Lions BC : RHP Bayram Tanaoglu
Batting: LHB Manoo Satyavrat 0-0: Called Strike
0-1: Ball
1-1: Foul Ball, location: 2F
1-2: Strikes out looking
Batting: LHB Jeff Rutherford 0-0: Called Strike
0-1: Swinging Strike
0-2: Foul Ball, location: 2F
0-2: Ball
1-2: Ground out U3 (Groundball, 34S)
Batting: SHB Sam Quint 0-0: Ball
1-0: Called Strike
1-1: Ball
2-1: Fly out, F6 (Popup, 6M)
Top of the 8th over - 0 runs, 0 hits, 0 errors, 0 left on base; Philadelphia 1776 2 - Thunder Bay 1
BOTTOM OF THE 8TH
Thunder Bay Northern Lions BC batting - Pitching for Philadelphia 1776 BC : RHP Cory Sanders
Batting: RHB Jesús Orozco 0-0: Ball
1-0: Swinging Strike
1-1: Ball
2-1: Ball
3-1: Called Strike
3-2: Fly out, F6 (Popup, P)
Pitching: LHP Pedro Garza
Batting: RHB António Mendoza 0-0: Ball
1-0: Foul Ball, location: 2F
1-1: Foul Ball, location: 2F
1-2: Ball
2-2: SINGLE (Flyball, 7LS)
Batting: RHB Xavier Pérez 0-0: Called Strike
0-1: Called Strike
0-2: Ball
1-2: Strikes out swinging
Batting: RHB Denis Higgins 0-0: Fly out, F7 (Flyball, 78D)
Bottom of the 8th over - 0 runs, 1 hit, 0 errors, 1 left on base; Philadelphia 1776 2 - Thunder Bay 1
TOP OF THE 9TH
Philadelphia 1776 BC batting - Pitching for Thunder Bay Northern Lions BC : RHP Bayram Tanaoglu
Pitching: RHP Rodas Aguilar
Batting: SHB Jesús Cabańe 0-0: Ball
1-0: Called Strike
1-1: Called Strike
1-2: Fly out, F7 (Flyball, 78S)
Batting: RHB Fernando Rivera 0-0: Ball
1-0: Called Strike
1-1: Ball
2-1: Swinging Strike
2-2: Reached via error on a dropped throw, E1
Batting: RHB Patrizio Vanali 0-0: Called Strike
0-1: Foul Ball, location: 2F
0-2: Strikes out swinging
Batting: RHB John Schnatter 0-0: Foul Ball, location: 2F
0-1: Ball
1-1: Fly out, F7 (Flyball, 78S)
Top of the 9th over - 0 runs, 0 hits, 1 error, 1 left on base; Philadelphia 1776 2 - Thunder Bay 1
BOTTOM OF THE 9TH
Thunder Bay Northern Lions BC batting - Pitching for Philadelphia 1776 BC : LHP Pedro Garza
Pitching: RHP Carlos Ramos
Batting: SHB Carlos Rodríguez 0-0: Ball
1-0: Ball
2-0: Ball
3-0: Called Strike
3-1: Ground out 6-3 (Groundball, 6)
Batting: RHB Carlos Padilla 0-0: SINGLE (Groundball, 34)
Batting: RHB Rafael Pueblo 0-0: Ball
1-0: SINGLE (Line Drive, 8LS)
Carlos Padilla to second
Batting: RHB Keith Fish 0-0: Called Strike
0-1: Called Strike
0-2: SINGLE (Line Drive, 56)
Carlos Padilla to third
Rafael Pueblo to second
Runner from 3rd tries for Home, SAFE, no throw
Batting: RHB Augusto Encarnación 0-0: Called Strike
0-1: Ball
1-1: Called Strike
1-2: Ball
2-2: Foul Ball, location: 2F
2-2: Ball
3-2: Strikes out looking
Batting: RHB Jesús Orozco 0-0: Foul Ball, location: 2F
0-1: Foul Ball, location: 2F
0-2: Ground out U3 (Groundball, 3S)
Bottom of the 9th over - 1 run, 3 hits, 0 errors, 2 left on base; Philadelphia 1776 2 - Thunder Bay 2
TOP OF THE 10TH
Philadelphia 1776 BC batting - Pitching for Thunder Bay Northern Lions BC : RHP Rodas Aguilar
Batting: LHB José Rodríguez 0-0: Ball
1-0: Ball
2-0: Called Strike
2-1: Foul Ball, location: 2F
2-2: Strikes out swinging
Batting: LHB Tony Vega 0-0: Foul Ball, location: 2F
0-1: Foul Ball, location: 2F
0-2: Ball
1-2: Foul Ball, location: 2F
1-2: Ball
2-2: Foul Ball, location: 2F
2-2: Strikes out swinging
Batting: LHB Manoo Satyavrat 0-0: Ball
1-0: Foul Ball, location: 2F
1-1: Called Strike
1-2: Fly out, F9 (Line Drive, 9)
Top of the 10th over - 0 runs, 0 hits, 0 errors, 0 left on base; Philadelphia 1776 2 - Thunder Bay 2
BOTTOM OF THE 10TH
Thunder Bay Northern Lions BC batting - Pitching for Philadelphia 1776 BC : RHP Carlos Ramos
Pitching: RHP Cor Snel
Batting: RHB António Mendoza 0-0: Ball
1-0: Foul Ball, location: 2F
1-1: Foul Ball, location: 2F
1-2: Ball
2-2: Foul Ball, location: 2F
2-2: Ball
3-2: Ground out 6-3 (Groundball, 6)
Batting: RHB Xavier Pérez 0-0: Called Strike
0-1: Ball
1-1: Called Strike
1-2: Strikes out swinging
Batting: RHB Denis Higgins 0-0: Ball
1-0: Ball
2-0: Ball
3-0: Base on Balls
Batting: SHB Carlos Rodríguez 0-0: Ball
1-0: Fly out, F5 (Line Drive, 5S)
Bottom of the 10th over - 0 runs, 0 hits, 0 errors, 1 left on base; Philadelphia 1776 2 - Thunder Bay 2
TOP OF THE 11TH
Philadelphia 1776 BC batting - Pitching for Thunder Bay Northern Lions BC : RHP Rodas Aguilar
Pitching: LHP Norberto Quintana
Batting: LHB Jeff Rutherford 0-0: Called Strike
0-1: Swinging Strike
0-2: Ball
1-2: Ball
2-2: Foul Ball, location: 2F
2-2: Ground out U3 (Groundball, 34)
Batting: SHB Sam Quint 0-0: Ball
1-0: Ball
2-0: Called Strike
2-1: Called Strike
2-2: Ball
3-2: Foul Ball, location: 2F
3-2: Ground out U3 (Groundball, 3)
Batting: SHB Jesús Cabańe 0-0: Ground out 6-3 (Groundball, 6)
Top of the 11th over - 0 runs, 0 hits, 0 errors, 0 left on base; Philadelphia 1776 2 - Thunder Bay 2
BOTTOM OF THE 11TH
Thunder Bay Northern Lions BC batting - Pitching for Philadelphia 1776 BC : RHP Cor Snel
Batting: RHB Carlos Padilla 0-0: Ball
1-0: SINGLE (Groundball, 6MD)
Batting: RHB Rafael Pueblo 0-0: Ball
1-0: Swinging Strike
1-1: SINGLE (Groundball, 6D)
Carlos Padilla to second
Batting: RHB Keith Fish 0-0: Swinging Strike
0-1: Swinging Strike
0-2: Ball
1-2: Reached via error on a dropped throw, E6
Carlos Padilla to third
Rafael Pueblo to second
Batting: RHB Augusto Encarnación 0-0: Ball
1-0: Ball
2-0: Swinging Strike
2-1: Ball
3-1: Called Strike
3-2: Base on Balls
Carlos Padilla scores
Rafael Pueblo to third
Keith Fish to second
Tuesday, December 19th, 2017 - OOTP Baseball 18.8 Build 76